 Dungeon Sprint DCSS version 0.27.1-2-g3b301248ec (webtiles) character file.

Game seed: 6447451141013934024

2144 boopmooplesden the Blocker (level 9, -6/90 HPs)
             Began as a Minotaur Fighter on Sept 22, 2021.
             Mangled by a flying skull (9 damage)
             ... in the Dungeon (Sprint II: "The Violet Keep of Menkaure").
             The game lasted 00:03:26 (1021 turns).

boopmooplesden the Blocker (Minotaur Fighter)       Turns: 1021, Time: 00:03:27

Health: -6/90      AC: 21    Str: 24    XL:     9   Next: 9%
Magic:  8/8        EV: 10    Int:  5    God:
Gold:   283        SH: 13    Dex: 15    Spells: 8/8 levels left

rFire    . . .     SeeInvis .   a - +0 war axe
rCold    . . .     Faith    .   c - +0 kite shield
rNeg     . . .     Spirit   .   d - +0 chain mail "Lurchyas" {Rampage Dex+5}
rPois    .         Reflect  .   (helmet restricted)
rElec    .         Harm     .   e - +2 cloak
rCorr    .         Rampage  +   f - +2 pair of gloves {Stlth+}
Will     .....     NoTele   +   k - +0 pair of boots
Stlth    ..........             (no amulet)
HPRegen  0.25/turn              (no ring)
MPRegen  0.11/turn              (no ring)

@: on berserk cooldown, hasted and slowed
A: horns 2, retaliatory headbutt
a: no special abilities


You were in the Dungeon.
You visited 1 branch You collected 972 gold pieces.
You spent 689 gold pieces at shops.

Inventory:

Hand Weapons
 a - a +0 war axe (weapon)
Armour
 b - a +0 scale mail
 c - a +0 kite shield (worn)
 d - the +0 chain mail "Lurchyas" (worn) {Rampage Dex+5}
   (You bought it in a shop in the Dungeon)

   Dex:       It affects your dexterity (+5).
   Rampage:   It bestows one free step when moving towards enemies.
 e - a +2 cloak (worn)
 f - a +2 pair of gloves of stealth (worn)
 k - a +0 pair of boots (worn)
Scrolls
 j - a scroll of blinking
Potions
 h - 2 potions of magic


   Skills:
 + Level 12.2 Fighting
 + Level 11.5 Axes
 + Level 12.1 Armour
 + Level 5.4 Dodging
 + Level 1.6 Stealth
 + Level 12.6 Shields


You had 8 spell levels left.
You didn't know any spells.
Your spell library was empty.

Dungeon Overview and Level Annotations

Branches:
Dungeon (1/1)

Altars:

Shops:
D [:=(!?!(:=[[?*[

Annotations:
D exclusion: oklob plant


Innate Abilities, Weirdness & Mutations

You have a pair of horns on your head.
You reflexively headbutt those who attack you in melee.


Message History

The flying skull barely misses you. You block the flying skull's attack.
You miss the flying skull. Your headbutt misses the flying skull.
You block the flying skull's attack.
You hit the flying skull but do no damage.
The flying skull hits you!
* * * LOW HITPOINT WARNING * * *
The flying skull hits you but does no damage.
You miss the flying skull. You headbutt the flying skull!
The flying skull is moderately damaged.
The flying skull hits you but does no damage.
You hit the flying skull.
The flying skull is severely damaged.
The flying skull hits you.
* * * LOW HITPOINT WARNING * * *
You block the flying skull's attack.
You slash the flying skull!
The flying skull is almost destroyed.
The flying skull barely misses you. You furiously retaliate!
You headbutt the flying skull!
You destroy the flying skull!
You closely miss the flying skull. You block the flying skull's attack.
You hit the flying skull but do no damage.
The flying skull hits you but does no damage.
You hit the flying skull. Your headbutt misses the flying skull.
The flying skull is lightly damaged.
The flying skull hits you!
* * * LOW HITPOINT WARNING * * *
The flying skull hits you but does no damage.
You closely miss the flying skull. You headbutt the flying skull!
The flying skull is moderately damaged.
The flying skull closely misses you. You furiously retaliate!
You headbutt the flying skull, but do no damage.
You slash the flying skull! Your headbutt misses the flying skull.
The flying skull is severely damaged.
You block the flying skull's attack. The flying skull misses you.
You miss the flying skull.
You headbutt the flying skull, but do no damage.
The flying skull is severely damaged.
The flying skull hits you!
You die...

#########≈≈#+++#'z'#
########≈≈≈.... ○z..
∩.∩....#≈≈≈≈.##+##zz
.∩.∩...#≈≈≈≈##.#.##z####
..∩.∩..#≈≈≈≈#..#..#....#
...∩.⌠.#≈≈### #.#####..##
..∩.∩..#≈##.# #'###.##..#
.∩.....#≈#†####.##...#..#
∩.∩....'≈'##.'.<@z)#.'..#
.∩.....#≈#...##.##...#.§.§#
▓▓▓▓▓###≈##.###'###.##§.....≈
hh######≈≈####.#.####≈≈.....≈#


lh#E$ ##≈≈≈#.###.# ≈≈≈≈≈..≈# P$+($#+ #'#≈##.#.## ≈≈≈≈≈≈.≈# $.#?##. #)#≈≈##+#
≈≈≈≈≈≈≈≈≈# .$###.○ ### ≈≈≈ ≈≈≈§§≈≈ +###.○○. +++# You could see a flying skull.

Vanquished Creatures
  A merfolk siren (D)
  2 wyverns (D)
  7 flying skulls (D)
  A vampire mosquito (D)
  4 scorpions (D)
  3 worms (D)
18 creatures vanquished.

Vanquished Creatures (others)
  Menkaure (D)
  2 water moccasins (D)
3 creatures vanquished.

Grand Total: 21 creatures vanquished

Notes
Turn   | Place    | Note
-------+----------+-------------------------------------------
     0 | D        | boopmooplesden the Minotaur Fighter began the quest for the
                  | Orb.
     0 | D        | Reached XP level 1. HP: 19/19 MP: 0/0
     1 | D        | Noticed a scorpion
     1 | D        | Noticed a scorpion
     6 | D        | Killed a scorpion
     7 | D        | Reached skill level 5 in Shields
     7 | D        | Reached XP level 2. HP: 24/30 MP: 1/1
     7 | D        | Reached XP level 3. HP: 30/37 MP: 2/2
     8 | D        | Killed a scorpion
     9 | D        | Reached XP level 4. HP: 28/47 MP: 3/3
    10 | D        | Noticed a scorpion
    10 | D        | Noticed a scorpion
    13 | D        | Killed a scorpion
    14 | D        | Reached XP level 5. HP: 16/53 MP: 4/4
    20 | D        | Reached skill level 5 in Axes
    50 | D        | Killed a water moccasin
   141 | D        | Killed Menkaure
   314 | D        | Noticed a merfolk siren
   325 | D        | Killed a merfolk siren
   326 | D        | Reached skill level 10 in Fighting
   326 | D        | Reached skill level 10 in Armour
   326 | D        | Reached XP level 6. HP: 26/67 MP: 5/5
   326 | D        | Reached XP level 7. HP: 28/73 MP: 6/6
   528 | D        | Noticed a wyvern
   528 | D        | Noticed a wyvern
   541 | D        | Killed a wyvern
   542 | D        | Reached skill level 10 in Shields
   549 | D        | Killed a wyvern
   821 | D        | Found Ewkeista's Armour Emporium.
   821 | D        | Found Forr's Magic Scroll Shoppe.
   821 | D        | Found Cyosoub's Assorted Antiques.
   821 | D        | Found Codgha's Antique Armour Emporium.
   822 | D        | Found Owops's Jewellery Shoppe.
   822 | D        | Found Izihesunt's Book Emporium.
   822 | D        | Found Vawytedwa's Weapon Shoppe.
   830 | D        | Found Tinauk's Magic Scroll Shoppe.
   830 | D        | Found Fatt's Antique Armour Emporium.
   830 | D        | Found Agakegif's Distillery.
   830 | D        | Found Qeodweje's Distillery.
   840 | D        | Noticed a vampire mosquito
   856 | D        | Killed a vampire mosquito
   857 | D        | Reached XP level 8. HP: 57/82 MP: 7/7
   865 | D        | Found Huduel's Antique Weapon Shoppe.
   865 | D        | Found Uppuigemn's Jewellery Emporium.
   865 | D        | Noticed an oklob plant
   866 | D        | Found Kac Wuff's Antique Armour Shoppe.
   866 | D        | Found Ocweg's Book Shoppe.
   870 | D        | Noticed an iron elemental
   874 | D        | Bought a smelly chain mail for 256 gold pieces
   874 | D        | Identified the +0 chain mail "Lurchyas" {Rampage Dex+5}
                  | (You bought it in a shop in the Dungeon)
   887 | D        | Bought an embroidered cloak for 165 gold pieces
   887 | D        | Bought a pair of glowing gloves for 165 gold pieces
   907 | D        | Bought a pair of boots for 103 gold pieces
   947 | D        | Noticed a flying skull
   947 | D        | Noticed a flying skull
   947 | D        | Noticed a flying skull
   948 | D        | Noticed a flying skull
   948 | D        | Noticed a flying skull
   948 | D        | Noticed a flying skull
   948 | D        | Noticed a flying skull
   948 | D        | Noticed a flying skull
   948 | D        | Noticed a flying skull
   948 | D        | Noticed a flying skull
   966 | D        | Killed a flying skull
   967 | D        | Reached skill level 1 in Stealth
   969 | D        | Killed a flying skull
   970 | D        | Reached skill level 10 in Axes
   973 | D        | Killed a flying skull
   986 | D        | Killed a flying skull
   993 | D        | Killed a flying skull
   994 | D        | Reached skill level 5 in Dodging
  1005 | D        | Killed a flying skull
  1006 | D        | Reached XP level 9. HP: 17/90 MP: 8/8
  1018 | D        | HP: 2/90 [flying skull (8)]
  1021 | D        | Mangled by a flying skull

Illustrated notes

Levels and vault maps discovered:
D:        the_violet_keep_of_menkaure [sprint2_stairs_cluster_1,
          sprint2_shoproom, sprint2_temple, sprint2_basic_supplies,
          sprint2_obstacle_3, sprint2_obstacle_5, sprint2_obstacle_1,
          sprint2_obstacle_2, sprint2_obstacle_4, sprint2_timed_cluster_1,
          sprint2_smallroom_cluster_1, sprint2_smallroom_final_cluster_1,
          sprint2_transparent_cluster_1, sprint2_second_timed_cluster_1,
          sprint2_sniper_area_1, sprint2_heavy_combat_area_1,
          sprint2_mutation_trap_area_1, sprint2_forest_area_1,
          sprint2_light_combat_area_1, sprint2_behind_water_1,
          sprint2_near_end_vault_1]

Skill      XL: |  1  2  3  4  5  6  7  8 |
---------------+-------------------------+-----
Fighting       | 6 7 8 10 11 12 | 12.2
Axes           | 3 4 7 9 11 | 11.5
Armour         | 6 7 8 10 11 12 | 12.1
Shields        | 5 6 7 9 10 12 | 12.6
Dodging        | 2 3 5 |  5.4
Stealth        | 1 |  1.6

Action                   |  1- 3 |  4- 6 |  7- 9 || total
-------------------------+-------+-------+-------++-------
Melee: War axe           |     6 |    17 |   108 ||   131
       Headbutt          |     1 |     2 |    22 ||    25
  Use: Potion            |     1 |     1 |     3 ||     5
Armor: Scale mail        |       |     3 |    14 ||    17
       Chain mail        |       |       |    28 ||    28
Dodge: Dodged            |     2 |     2 |    38 ||    42
Block: Kite shield       |     4 |     7 |    58 ||    69
